 Seeded DCSS version 0.30-a0-719-gcc4359ea44 (webtiles) character file.

Game seed: 905864180322077160 (custom seed)

92 hikkokomori the Shield-Bearer (level 4, 0/24 HPs)
             Began as a Vine Stalker Fighter on Jan 27, 2023.
             Succumbed to an orc wizard's poison
             ... on level 3 of the Dungeon.
             The game lasted 00:02:00 (1906 turns).

hikkokomori the Shield-Bearer (VSFi)                Turns: 1906, Time: 00:02:01

Health: 0/24       AC:  7    Str: 19    XL:     4   Next: 60%
Magic:  5/5        EV:  9    Int:  8    God:
Gold:   128        SH:  5    Dex: 15    Spells: 3/3 levels left

rFire   . . .      SeeInvis .    f - +1 short sword (venom)
rCold   . . .      Faith    .    c - +0 buckler
rNeg    . . .      Spirit   +    b - +0 scale mail
rPois   .          Reflect  .    i - +0 hat
rElec   .          Harm     .    s - +0 cloak
rCorr   .          Rampage  .    (no gloves)
Will    .....                    (no boots) Stlth
                                 (no amulet)
HPRegen 1.04/turn                (no ring)
MPRegen 0.09/turn                (no ring)

@: lethally poisoned (0 -> -3)
A: fangs 2, regeneration 1, magic shield, antimagic bite, no potion heal 2
a: no special abilities


You were on level 3 of the Dungeon.
You visited 1 branch of the dungeon, and saw 3 of its levels.

You collected 128 gold pieces.

Inventory:

Hand Weapons
 a - a +0 rapier
 f - a +1 short sword of venom (weapon)
Armour
 b - a +0 scale mail (worn)
 c - a +0 buckler (worn)
 i - a +0 hat (worn)
 s - a +0 cloak (worn)
Scrolls
 g - a scroll of vulnerability {unknown}
 j - 2 scrolls of teleportation {unknown}
 k - a scroll of fear {unknown}
 l - a scroll of identify {unknown}
 m - a scroll of noise {unknown}
 o - a scroll of amnesia {unknown}
 p - a scroll of poison {unknown}
 q - a scroll of magic mapping {unknown}
Potions
 d - a potion of might
 e - 5 potions of curing {unknown}
 h - a potion of flight {unknown}
 n - a potion of magic {unknown}
 r - a potion of haste {unknown}


   Skills:
 + Level 3.4 Fighting
 + Level 2.8 Short Blades
 - Level 2.4 Armour
 + Level 3.4 Shields


You had 3 spell levels left.
You didn't know any spells.
Your spell library was empty.

Dungeon Overview and Level Annotations

Branches:
Dungeon (3/15)

Altars:

Shops:
D:1 *

Annotations:
D:2 1 runed translucent door, Crazy Yiuf


Innate Abilities, Weirdness & Mutations

You have extremely sharp teeth.
Your natural rate of healing is unusually fast.
When hurt, damage is shared between your health and your magic reserves.
Your bite disrupts and absorbs the magic of your enemies.
Potions cannot restore your health.


Message History

The orc wizard is heavily wounded.
The orc wizard hits you with a +0 dagger.
You hit the orc wizard.
You kill the orc wizard!
You have reached level 4!
You feel stronger.
You begin to heal more quickly.
You hit something. Something hits you but does no damage.
You barely miss something. Your bite misses something.
Something hits you but does no damage.
You are poisoned.
You closely miss something. You bite something. You drain its magic.
You feel invigorated.
You feel sick. Something hits you.
You are more poisoned.
You miss something. You bite something. You drain its magic.
You feel invigorated.
You feel sick. Something hits you.
You closely miss something. You bite something. You drain its magic.
You feel invigorated.
You feel very sick. Something hits you but does no damage.
You are lethally poisoned!
You hit something.
Reactivating autopickup.
You feel a bit more experienced.
* * * LOW HITPOINT WARNING * * *
You feel very sick.
You hit the orc.
The orc is poisoned.
The orc is lightly wounded.
* * * LOW HITPOINT WARNING * * *
You feel very sick. The orc hits you with a +0 flail.
* * * LOW HITPOINT WARNING * * *
You hit the orc.
The orc looks as sick as possible!
Your bite misses the orc.
The orc is moderately wounded.
* * * LOW HITPOINT WARNING * * *
You feel sick.
You closely miss the orc. You bite the orc. You drain its power.
You feel invigorated.
The orc is severely wounded.
You die...

#....<.... ######## #.........
.......# #......... .......#
#......... .......##
#|........ ........#
#......... ........####
#.........
...........##########.........
...)...###...>..@o............
######.# ###########....####..
#.# #...## #.## #..## #..##
#..# ##..# #..# ##.## ....
#######..# .... #P....##.###


You could see an orc (extremely poisoned).

Vanquished Creatures
  2 orc wizards (D:3)
  A worm (D:3)
  2 orcs (D:3)
  4 ball pythons
  4 endoplasms (D:1)
  2 giant cockroaches (D:1)
  4 goblins
  3 hobgoblins
  2 kobolds
  3 quokkas (D:1)
  4 bats
  3 frilled lizards
  A rat (D:2)
35 creatures vanquished.

Notes
Turn   | Place    | Note
-------+----------+-------------------------------------------
     0 | D:1      | hikkokomori the Vine Stalker Fighter began the quest for
                  | the Orb.
     0 | D:1      | Reached XP level 1. HP: 11/11 MP: 2/2
    18 | D:1      | Found Heeq's Assorted Antiques.
    48 | D:1      | Reached XP level 2. HP: 14/16 MP: 1/3
   708 | D:1      | Reached XP level 3. HP: 20/20 MP: 4/4
  1318 | D:2      | Found a runed translucent door.
  1319 | D:2      | Noticed Crazy Yiuf
  1783 | D:3      | Found a faded altar of an unknown god.
  1898 | D:3      | Gained mutation: Your natural rate of healing is unusually
                  | fast. [Vine Stalker growth]
  1898 | D:3      | Reached XP level 4. HP: 16/24 MP: 3/5
  1905 | D:3      | HP: 1/24 [poisoned by an orc wizard]
  1906 | D:3      | Succumbed to an orc wizard's poison

Illustrated notes

Levels and vault maps discovered:
D:1:      dpeg_arrival_renting, layout_loops_ring, serial_shops, shop,
          nicolae_figureground_sparkle
D:2:      layout_loops_ring, grunt_ministairs_14, kennysheep_generic_room_4,
          uniq_crazy_yiuf_cottage
D:3:      layout_rooms, gup_sewer_entry_glass, shapermc_ecumenical_altar_ellora,
          nicolae_titane

Skill      XL: |  1  2 |
---------------+-------+-----
Short Blades   | 2 |  2.8
Fighting       | 3 |  3.4
Shields        | 3 |  3.4
Armour         | |  2.4

Action                     |  1- 3 |  4- 6 || total
---------------------------+-------+-------++-------
  Melee: Short sword       |    67 |     9 ||    76
         Rapier            |     3 |       ||     3
         Bite              |    12 |     4 ||    16
 Armour: Scale mail        |    17 |     3 ||    20
  Dodge: Dodged            |    23 |       ||    23
  Block: Buckler           |    11 |       ||    11

Table legend: (Time is in decaauts)
 A = Elapsed time spent in this place.
 B = Non-inter-level travel time spent in this place.
 C = Inter-level travel time spent in this place.
 D = Time resting spent in this place.
 E = Time spent auto-exploring this place.
 F = Levels seen in this place.
 G = Mean time per level.
                   A        B        C        D        E       F      G
               +--------+--------+--------+--------+--------+-----+--------+
         Total |   1900 |   1744 |    156 |      0 |   1526 |   3 |  633.3 |
       Dungeon |   1900 |   1744 |    156 |      0 |   1526 |   3 |  633.3 |
               +--------+--------+--------+--------+--------+-----+--------+

Top non-repeatable levels by time:
     D:1: 974 daAuts
     D:2: 783 daAuts
     D:3: 142 daAuts
